 Dungeon Crawl Stone Soup version 0.17-a0-870-gcb215c1 (webtiles) character file.

36 RobertPalmer the Insei (level 3, 0/17 HPs)
             Began as a Vine Stalker Transmuter on Apr 29, 2015.
             Slain by an adder (2 damage)
             ... on level 2 of the Dungeon.
             The game lasted 00:01:43 (931 turns).

RobertPalmer the Insei (Vine Stalker Transmuter)     Turns: 931, Time: 00:01:43

Health: 0/17       AC:  4    Str: 12    XL:     3   Next: 37%
Magic:  0/7        EV: 12    Int: 13    God:
Gold:   41         SH:  0    Dex: 15    Spells: 1 memorised, 5 levels left

rFire  . . .     SeeInvis .       - Unarmed
rCold  . . .     Clarity  .     b - +0 robe
rNeg   . . .     SustAb   .     (no shield)
rPois  .         Gourm    .     (no helmet)
rElec  .         Spirit   +     g - +0 cloak
rCorr  .         Warding  .     (no gloves)
rMut   .         Stasis   .     (no boots)
MR     .....                    (no amulet)
Stlth  +.........               (no ring)
                                (no ring)

@: lethally poisoned (0 -> -2), not resistant to hostile enchantments, very
unstealthy
A: fangs 2, regeneration 1, shaggy fur 1, magic shield, antimagic bite, no
device heal 3, rot immunity
a: no special abilities


You were on level 2 of the Dungeon.
You were not hungry.

You visited 1 branch of the dungeon, and saw 2 of its levels.

You collected 41 gold pieces.

Inventory:

Missiles
 a - 84 arrows
Armour
 b - a +0 robe (worn)
 g - a +0 cloak (worn)
   (You found it on level 1 of the Dungeon)
Jewellery
 k - an uncursed amulet of faith {unknown}
   (You found it on level 2 of the Dungeon)
Scrolls
 f - a scroll of identify {unknown}
 i - a scroll of fear {unknown}
Potions
 e - a potion of magic {unknown}
 l - a potion of curing {unknown}
 m - a potion of ambrosia {unknown}
Books
 c - a book of Changes
Comestibles
 d - a bread ration {@e1}
 h - a meat ration {@e2}
 j - a royal jelly


   Skills:
 - Level 0.8 Fighting
 - Level 1.5 Dodging
 + Level 4.3 Unarmed Combat
 - Level 2.1 Spellcasting
 - Level 2.0 Transmutations


You had 5 spell levels left.
You knew the following spells:

 Your Spells              Type           Power        Failure   Level  Hunger
a - Beastly Appendage     Trmt           #.....       12%         1    ##.....


Dungeon Overview and Level Annotations

Branches:
Dungeon (2/15)

Altars:


Innate Abilities, Weirdness & Mutations

You have extremely sharp teeth.
Your natural rate of healing is unusually fast.
You are covered in fur (AC +1).
When hurt, damage is shared between your health and your magic reserves.
Your bite disrupts and absorbs the magic of your enemies.
Potions and wands cannot restore your health.
You are immune to rotting.


Message History

A kobold is nearby!
A kobold is nearby!
Unknown command.
The kobold throws a stone.
The stone barely misses you.
The kobold throws a stone.
The stone hits you but does no damage.
You see here a stone.
The kobold closely misses you.
You hit the kobold. You bite the kobold, but do no damage.
The kobold hits you but does no damage.
You hit the kobold but do no damage. The kobold hits you but does no damage.
You hit the kobold but do no damage. Your bite misses the kobold.
The kobold closely misses you.
You closely miss the kobold. The kobold hits you but does no damage.
You closely miss the kobold. You hit the kobold.
You kill the kobold!
No target in view!
No target in view!
No target in view!
You now have 41 gold pieces (gained 7).
Things that are here:
a club; 12 stones The giant newt is too close now for your liking.
A giant newt is nearby!
A giant newt is nearby!
A giant newt is nearby!
A goblin comes into view.
The goblin shouts!
An adder comes into view.
You hit the giant newt.
You kill the giant newt!
A goblin comes into view. It is wielding a club.
The goblin shouts!
The goblin hits you.
Found a stone staircase leading up.
You take 2 damage, and have 15/17 hp.
You hit the goblin but do no damage. You bite the goblin. You drain its power.
The goblin closely misses you.
Your feet morph into talons.
The adder closely misses you. The goblin closely misses you.
The adder bites you.
You take 1 damage, and have 14/17 hp.
You now have 6/7 mp.
Unknown command.
You closely miss the adder. You claw the adder, but do no damage.
The adder bites you. The goblin hits you.
You take 4 damage, and have 10/17 hp.
MASSIVE DAMAGE!!
You now have 5/7 mp.
You hit the adder. You claw the adder, but do no damage.
The adder bites you but does no damage. The goblin hits you.
You now have 4/7 mp.
Unknown command.
You barely miss the adder. The adder bites you but does no damage.
The goblin barely misses you. The goblin hits you but does no damage.
Unknown command.
The adder barely misses you.
You barely miss the adder. Your bite misses the adder.
The adder barely misses you. The adder bites you.
You take 2 damage, and have 9/17 hp.
You now have 3/7 mp.
You closely miss the adder. Your bite misses the adder. The adder bites you.
* * * LOW HITPOINT WARNING * * *
You take 4 damage, and have 5/17 hp.
MASSIVE DAMAGE!!
You now have 2/7 mp.
Your talons disappear.
The adder closely misses you.
You see here a whip.
The adder closely misses you.
You closely miss the goblin. Your bite misses the goblin.
The goblin hits you but does no damage.
You hit the goblin but do no damage. The goblin hits you with a club.
* * * LOW HITPOINT WARNING * * *
You take 3 damage, and have 4/17 hp.
You now have 2/7 mp.
Unknown command.
The adder barely misses you. The adder barely misses you.
The adder closely misses you.
Items here: ) ÷÷ † a short sword; a kobold corpse; a jackal skeleton; a bat skeleton You miss the adder.
Your bite misses the adder. The adder barely misses you. The adder misses you.
You barely miss the adder. The adder barely misses you.
You hit the adder but do no damage. The adder completely misses you.
You completely miss the adder. The adder barely misses you.
You closely miss the adder. The adder bites you.
* * * LOW HITPOINT WARNING * * *
The adder closely misses you.
You take 3 damage, and have 4/17 hp.
You now have 3/7 mp.
Unknown command.
You miss the adder. The adder bites you.
* * * LOW HITPOINT WARNING * * *
You take 1 damage, and have 3/17 hp.
You now have 1/7 mp.
Unknown command.
You barely miss the adder. Your bite misses the adder.
The adder barely misses you.
You miss the adder. Your bite misses the adder. The adder closely misses you.
You barely miss the adder. Your bite misses the adder. The adder misses you.
You closely miss the adder. Your bite misses the adder. The adder bites you.
* * * LOW HITPOINT WARNING * * *
You are lethally poisoned!
The adder poisons you! The adder bites you.
You die...

....#
#..####.....#..##....#
###
#...........#<....##.#
###.#..##.##).########.#
#......##.##...........#
#.........##.###########
#......##g##.#
#......##g##.#
######..#S##†#
#......#@##.##########
#.).......#..........#
###..........#########.#
..............#########.#
......#......#....#....#
......####..##.##.##.###
......####..##.##.##.#
....).......##.##..>.#
##....†.....#.#######


You could see an adder and 2 goblins.

Vanquished Creatures
  5 bats
  7 hobgoblins
  3 jackals (D:2)
  4 giant cockroaches
  2 giant newts (D:2)
  3 goblins (D:1)
  5 kobolds
  3 rats (D:1)
32 creatures vanquished.

Notes
Turn   | Place    | Note
--------------------------------------------------------------
     0 | D:1      | RobertPalmer, the Vine Stalker Transmuter, began the quest for the Orb.
     0 | D:1      | Reached XP level 1. HP: 9/9 MP: 4/4
   135 | D:1      | Reached XP level 2. HP: 10/14 MP: 6/6
   616 | D:1      | Reached skill level 4 in Unarmed Combat
   706 | D:2      | Reached XP level 3. HP: 14/17 MP: 7/7
   911 | D:2      | HP: 4/17 [goblin/club (3)]
   926 | D:2      | HP: 4/17 [adder (4)]
   931 | D:2      | HP: 2/17 [adder (2)]
   931 | D:2      | Slain by an adder

Action                   || total
-------------------------++-------
Melee: Unarmed           ||   118
 Cast: Beastly Appendage ||     4
  Use: Scroll            ||     2

Vault maps used:
D:1:      mrwooster_arrival_statue

Table legend:
 A = Turns spent in this place as a percentage of turns spent in the entire game.
 B = Non-inter-level travel turns spent in this place as a percentage of non-inter-level travel turns spent in the entire game.
 C = Inter-level travel turns spent in this place as a percentage of turns spent in this place.
 D = Turns resting spent in this place as a percentage of non-inter-level travel turns spent in this place.
 E = Turns spent auto-exploring this place as a percentage of non-inter-level travel turns spent in this place.
 F = Non-inter-level travel turns spent in this place divided by the number of levels of this place that you've seen.
                   A       B       C       D       E      F
               +-------+-------+-------+-------+-------+----------------------
         Total | 100.0 | 100.0 |   0.2 |   0.0 |   9.8 | 209.5
       Dungeon | 100.0 | 100.0 |   0.2 |   0.0 |   9.8 | 209.5
               +-------+-------+-------+-------+-------+----------------------

Table legend:
 A = Kills in this place as a percentage of kills in entire the game.
 B = Kills by you in this place as a percentage of kills by you in the entire game.
 C = Kills by friends in this place as a percentage of kills by friends in the entire game.
 D = Other kills in this place as a percentage of other kills in the entire game.
 E = Experience gained in this place as a percentage of experience gained in the entire game.
 F = Experience gained in this place divided by the number of levels of this place that you have seen.
                   A       B       C       D       E      F
               +-------+-------+-------+-------+-------+----------------------
         Total | 100.0 | 100.0 |  -nan |  -nan | 100.0 |  26.0
       Dungeon | 100.0 | 100.0 |  -nan |  -nan | 100.0 |  26.0
               +-------+-------+-------+-------+-------+----------------------
